 Dungeon Crawl Stone Soup version 0.30-a0-263-ge22c4ad894 (webtiles) character file.

Game seed: 3736466996375002127

37488 gzilladon the Severer (level 13, 0/107 HPs)
             Began as a Minotaur Monk on Oct 12, 2022.
             Was a High Priest of Hepliaklqana.
             Slain by Jorgrun
             ... wielding a +0 vorpal quarterstaff
              (5 damage)
             ... while petrified by Jorgrun
             ... on level 2 of the Orcish Mines on Oct 13, 2022.
             The game lasted 01:31:49 (18159 turns).

gzilladon the Severer (Minotaur Monk)              Turns: 18159, Time: 01:31:49

Health: 0/107      AC: 27    Str: 21    XL:     13   Next: 58%
Magic:  16/16      EV: -1    Int:  9    God:    Hepliaklqana [*****.]
Gold:   1081       SH:  0    Dex: 13    Spells: 12/12 levels left

rFire   + . .      SeeInvis .    A - +5 war axe (venom)
rCold   . . .      Faith    .    N - +2 buckler
rNeg    + + +      Spirit   .    l - +6 chain mail
rPois   ∞          Reflect  +    T - +2 hat
rElec   .          Harm     .    E - +1 cloak
rCorr   .          Rampage  .    j - +0 pair of gloves
Will    .....                    m - +0 pair of boots
Stlth   ..........               Z - amulet of Fofam {Reflect rF+ Int+2 SH+5}
HPRegen 0.37/turn                d - ring of flight
MPRegen 0.15/turn                v - ring of positive energy

@: mighty, petrified, grasped by roots, flying, constricted
A: reduced essence, horns 2, retaliatory headbutt
a: Renounce Religion, Recall Ancestor, Ancestor Identity, Transference, Idealise


You were on level 2 of the Orcish Mines.
You worshipped Hepliaklqana.
Hepliaklqana was extremely pleased with you.
You visited 4 branches of the dungeon, and saw 18 of its levels.
You also visited: Ossuary.

You collected 1081 gold pieces.

Inventory:

Hand Weapons
 a - a +0 hand axe of draining
 A - a +5 war axe of venom (weapon)
 D - a +0 vorpal hand axe
 Y - a +0 short sword
Missiles
 e - 85 stones
 q - 4 atropa-tipped darts
 P - 30 poisoned darts
 R - a throwing net
Armour
 b - a +0 robe
 c - a +0 buckler
 j - a +0 pair of gloves (worn)
 l - a +6 chain mail (worn)
 m - a +0 pair of boots (worn)
 E - a +1 cloak (worn)
 N - a +2 buckler (worn)
 T - a +2 hat (worn)
Jewellery
 d - a ring of flight (left hand)
 k - an amulet of the acrobat
 u - a ring of magical power
 v - a ring of positive energy (right hand)
 Z - the amulet of Fofam (around neck) {Reflect rF+ Int+2 SH+5}
   (You found it on level 11 of the Dungeon)

   [amulet of reflection]

   It reflects blocked missile attacks.
   Int:       It affects your intelligence (+2).
   rF:        It protects you from fire.
   SH:        It affects your SH (+5).
Wands
 r - a wand of flame (5)
 O - a wand of iceblast (34)
 U - a wand of mindburst (5)
 V - a wand of acid (4)
 W - a wand of polymorph (13)
Scrolls
 f - 6 scrolls of noise
 i - a scroll of magic mapping
 n - 2 scrolls of torment
 o - 3 scrolls of fear {unknown}
 p - 2 scrolls of silence {unknown}
 s - 6 scrolls of poison
 w - a scroll of fog {unknown}
 y - a scroll of immolation
 C - 4 scrolls of teleportation
 K - 2 scrolls of amnesia
Potions
 g - a potion of resistance {unknown}
 h - 2 potions of haste
 t - 4 potions of flight
 x - 6 potions of curing
 z - 4 potions of attraction
 B - 3 potions of brilliance
 F - 2 potions of heal wounds
 G - a potion of cancellation {unknown}
 H - a potion of degeneration {unknown}
 I - a potion of invisibility {unknown}
 J - 3 potions of magic
 M - 2 potions of mutation {unknown}
 S - a potion of berserk rage {unknown}


   Skills:
 * Level 12.6 Fighting
 - Level 16.3 Axes
 + Level 0.8 Throwing
 * Level 15.3 Armour
 + Level 5.7 Dodging
 - Level 3.0 Stealth
 + Level 7.7 Shields
 + Level 6.4 Invocations


You had 12 spell levels left.
You didn't know any spells.
Your spell library contained the following spells:

 Spells                   Type           Power      Damage    Failure   Level
 Apportation              Tloc           0%         N/A       94%         1
 Foxfire                  Conj/Fire      0%         2x1d4     94%         1
 Magic Dart               Conj           0%         1d3       94%         1
 Summon Small Mammal      Summ           0%         N/A       94%         1
 Call Imp                 Summ           0%         N/A       98%         2
 Cigotuvi's Dreadful Rot  Necr/Pois/Air  0%         N/A       98%         2
 Poisonous Vapours        Pois/Air       0%         N/A       98%         2
 Sublimation of Blood     Necr           0%         N/A       98%         2
 Wereblood                Tmut           0%         N/A       98%         2
 Call Canine Familiar     Summ           0%         N/A       100%        3
 Inner Flame              Hex/Fire       0%         N/A       100%        3
 Mephitic Cloud           Conj/Pois/Air  0%         N/A       100%        3
 Summon Guardian Golem    Hex/Summ       0%         N/A       100%        3
 Tukima's Dance           Hex            0%         N/A       100%        3
 Dispel Undead            Necr           0%         3d6       100%        4
 Flame Wave               Conj/Fire      0%         2d4       100%        4
 Passage of Golubria      Tloc           0%         N/A       100%        4
 Petrify                  Tmut/Erth      0%         N/A       100%        4
 Sticky Flame             Conj/Fire      0%         2d3       100%        4
 Alistair's Intoxication  Tmut/Pois      0%         N/A       100%        5
 Fireball                 Conj/Fire      0%         3d3       100%        5
 Freezing Cloud           Conj/Ice/Air   0%         6-21      100%        5
 Metabolic Englaciation   Hex/Ice        0%         N/A       100%        5
 Yara's Violent Unravell  Hex/Tmut       0%         3d3       100%        5
 Death Channel            Necr           0%         N/A       100%        6
 Simulacrum               Ice/Necr       0%         N/A       100%        6
 Starburst                Conj/Fire      0%         6d3       100%        6
 Statue Form              Tmut/Erth      0%         N/A       100%        6
 Orb of Destruction       Conj           0%         9d5       100%        7
 Spellforged Servitor     Conj/Summ      0%         N/A       100%        7
 Summon Hydra             Summ           0%         N/A       100%        7
 Polar Vortex             Ice            0%         N/A       100%        9


Dungeon Overview and Level Annotations

Branches:
Dungeon (12/15)            Temple (1/1) D:4            Lair (3/5) D:9
  Swamp (0/4) Lair:3        Snake (0/4) Lair:3          Orc (2/2) D:12
Ossuary (visited)
    Elf: Orc:2

Altars:
Ashenzari
Cheibriados
Dithmenos
Elyvilon
Fedhas
Gozag
Hepliaklqana
Kikubaaqudgha
Makhleb
Okawaru
Qazlal
Ru
Sif Muna
Trog
Uskayaw
Vehumet
Wu Jian
Xom
Yredelemnul
Zin
The Shining One

Shops:
D:1 (   D:4 [   D:5 =

Annotations:
Orc:2 Jorgrun


Innate Abilities, Weirdness & Mutations

Your life essence is reduced to manifest your ancestor. (-10% HP)
You have a pair of horns on your head.
You reflexively headbutt those who attack you in melee.


Message History

The orc warrior hits Demetirus with a +0 long sword!!
Your limbs are stiffening.
You feel much better.
The orc warrior no longer looks unusually strong.
Jorgrun barely misses you. The orc hits you but does no damage.
The orc warrior hits Demetirus with a +0 long sword!
Demetirus is destroyed!
The orc knight hits you with a +3 dire flail!
Jorgrun casts a spell at you.
Roots burst forth from the earth!
The grasping roots grab you! The grasping roots constrict you!
The orc knight hits you with a +3 dire flail!!
* * * LOW HITPOINT WARNING * * *
The orc priest miscasts a cantrip.
An orc warrior comes into view. It is wielding a +0 mace.
You have turned to stone.
The orc warrior no longer looks unusually strong.
The orc no longer looks unusually strong.
Jorgrun says, "A few more walls knocked out 'ere an' thar an' 'tis whole place will come crashin' down."
Jorgrun gestures at you while chanting. The grasping roots constrict you!
* * * LOW HITPOINT WARNING * * *
The orc knight hits you with a +0 war axe!!
* * * LOW HITPOINT WARNING * * *
The orc wizard gestures wildly while chanting.
The orc wizard flickers and vanishes!
Deactivating autopickup; reactivate with Ctrl-A.
The orc knight hits you with a +3 dire flail.
* * * LOW HITPOINT WARNING * * *
The orc no longer looks unusually strong.
Jorgrun hits you but does no damage. The grasping roots constrict you.
* * * LOW HITPOINT WARNING * * *
The orc warrior hits you with a +0 long sword.
* * * LOW HITPOINT WARNING * * *
The orc knight hits you with a +3 dire flail!
* * * LOW HITPOINT WARNING * * *
The orc knight hits you with a +0 war axe.
Jorgrun hits you with a +0 vorpal quarterstaff!
You die...

....#........#
#............####
........o........
#................
...$....$.......
#..#.o.$oo.......
......oogo.......
....#o@o)......
.......)..)#$#...
..$......###
...$....##
..#......
.........
.##.###.. ## ....


You could see Jorgrun (extremely poisoned), 2 orc knights, 3 orc warriors, an
orc priest (strong) and 3 orcs.

Vanquished Creatures
  Snorg (D:10)
  A hydra (Lair:3)
  Harold (D:10)
  2 boulder beetles
  3 two-headed ogres (D:11)
  An orc knight (Orc:1)
  A deep elf pyromancer (D:12)
  2 orc sorcerers (Orc:1)
  2 ugly things (D:12)
  2 cyclopes (D:12)
  3 elephants
  Maurice (D:10)
  2 black mambas
  Joseph (D:10)
  2 cane toads (Lair:1)
  2 unseen horrors
  A kobold demonologist (D:12)
  4 komodo dragons
  2 ice devils (D:11)
  5 trolls
  Grinder (D:3)
  5 blink frogs
  2 slime creatures (D:12)
  A wraith (D:12)
  2 fire bats (D:9)
  16 yaks
  2 basilisks (Lair:2)
  3 wyverns
  3 nagas (Lair:3)
  A swamp worm (Lair:3)
  An acid dragon (D:11)
  A hell hound (D:9)
  A water moccasin (Lair:1)
  2 black bears
  6 orc warriors
  A sky beast (D:7)
  10 wolves
  3 ogres
  3 centaurs
  A phantom (D:6)
  3 kobold brigands
  A scorpion (D:6)
  6 bullfrogs
  2 necrophages
  A water moccasin zombie (Ossuary)
  8 wights
  2 killer bees (D:9)
  A howler monkey (D:12)
  A centaur zombie (Ossuary)
  7 orc priests
  3 iguanas
  A scorpion zombie (Ossuary)
  2 orc wizards (D:3)
  3 hell rats (Lair:2)
  A mummy (Ossuary)
  3 gnolls
  4 adders
  A white imp (D:3)
  2 adder zombies (Ossuary)
  4 worms
  A dart slug (D:1)
  34 orcs
  2 endoplasms
  2 giant cockroaches (D:1)
  2 gnoll zombies (Ossuary)
  8 goblins
  7 hobgoblins
  3 jackals (D:5)
  5 quokkas
  6 ball pythons
  5 bats
  4 frilled lizards
  A goblin zombie (Ossuary)
  2 hobgoblin zombies (Ossuary)
  11 kobolds
  A rat (D:2)
254 creatures vanquished.

Vanquished Creatures (collateral kills)
  A hydra (Lair:3)
  A two-headed ogre (D:9)
  Amaemon (Lair:3)
  4 elephants
  2 black mambas
  A gargoyle (D:12)
  An orange demon (Lair:3)
  2 cane toads
  An unseen horror (D:12)
  Psyche (D:8)
  A komodo dragon (Lair:2)
  2 trolls
  3 blink frogs
  A slime creature (D:12)
  4 dream sheep (Lair:3)
  A shadow (D:11)
  2 fire bats (D:9)
  10 yaks
  2 steam dragons
  A swamp worm (Lair:3)
  2 nagas (Lair:3)
  An acid dragon (D:9)
  4 water moccasins
  A sky beast (D:7)
  2 orc warriors
  A black bear (D:6)
  2 centaurs
  An ogre (D:5)
  7 wolves
  A kobold brigand (D:12)
  3 bullfrogs
  A gnoll sergeant (D:6)
  2 necrophages
  10 wights
  2 killer bees (D:9)
  5 howler monkeys
  A bullfrog zombie (Ossuary)
  A lava snake (D:9)
  A centaur zombie (Ossuary)
  3 hounds
  An iron imp (D:8)
  2 gnoll boudas
  4 iguanas
  A scorpion zombie (Ossuary)
  3 orc wizards
  A hell rat (Lair:2)
  An adder (D:5)
  7 gnolls
  A white imp (D:8)
  2 adder zombies (Ossuary)
  12 orcs
  A jackal (D:5)
  3 gnoll zombies (Ossuary)
  3 goblin zombies (Ossuary)
  A hobgoblin zombie (Ossuary)
  2 kobolds (D:12)
  3 fire vortices (D:9)
141 creatures vanquished.

Vanquished Creatures (others)
  10 battlemagi
  An orc (Orc:1)
  22 fungi
  30 plants
63 creatures vanquished.

Grand Total: 458 creatures vanquished

Notes
Turn   | Place    | Note
-------+----------+-------------------------------------------
     0 | D:1      | gzilladon the Minotaur Monk began the quest for the Orb.
     0 | D:1      | Reached XP level 1. HP: 19/19 MP: 0/0
   362 | D:1      | Reached skill level 4 in Axes
   415 | D:1      | Reached XP level 2. HP: 24/27 MP: 1/1
   894 | D:1      | Found Muthraez's Weapon Boutique.
  1014 | D:2      | Reached XP level 3. HP: 33/33 MP: 2/2
  1677 | D:2      | Reached skill level 1 in Armour
  1792 | D:3      | Reached XP level 4. HP: 41/41 MP: 3/3
  1934 | D:3      | Reached skill level 5 in Axes
  2134 | D:3      | Reached XP level 5. HP: 21/47 MP: 4/4
  2272 | D:3      | Noticed Grinder
  2289 | D:3      | Killed Grinder
  2290 | D:3      | Reached skill level 7 in Axes
  2290 | D:3      | Reached XP level 6. HP: 3/55 MP: 5/5
  2292 | D:3      | HP: 2/55 [orc wizard/magic dart (1)]
  2942 | D:4      | Reached skill level 5 in Fighting
  3219 | D:4      | Found a staircase to the Ecumenical Temple.
  3231 | Temple   | Entered the Ecumenical Temple
  3292 | Temple   | Became a worshipper of Hepliaklqana the Forgotten
  3292 | Temple   | Reached * piety under Hepliaklqana
  3292 | Temple   | Reached ** piety under Hepliaklqana
  3481 | D:4      | Found a glowing golden altar of the Shining One.
  3510 | D:4      | Remembered your ancestor Demetirus as a battlemage
  3530 | D:4      | Found Cuzy's Antique Armour Emporium.
  3539 | D:4      | You are sucked into a shaft and drop 3 floors!
  3560 | D:7      | Noticed a sky beast
  3568 | D:7      | Killed a sky beast
  3569 | D:7      | Reached skill level 8 in Axes
  3569 | D:7      | Reached XP level 7. HP: 54/54 MP: 6/6
  3798 | D:6      | Found a white marble altar of Elyvilon.
  3799 | D:6      | Found a glowing silver altar of Zin.
  3836 | D:6      | Reached skill level 9 in Axes
  4127 | D:5      | Entered Level 5 of the Dungeon
  4142 | D:5      | Reached XP level 8. HP: 62/62 MP: 7/7
  4699 | D:5      | Reached *** piety under Hepliaklqana
  4717 | D:5      | HP: 3/63 [poisoned by a water moccasin]
  4718 | D:5      | Reached skill level 10 in Axes
  4718 | D:5      | Reached skill level 1 in Shields
  4888 | D:5      | Found Cyeppamu's Jewellery Shop.
  5189 | D:5      | Reached skill level 5 in Armour
  5822 | D:6      | Reached XP level 9. HP: 70/70 MP: 8/8
  5949 | D:6      | Found a bloodstained altar of Trog.
  5949 | D:6      | Found a shimmering blue altar of Sif Muna.
  5950 | D:6      | Found a hide-covered altar of Uskayaw.
  5950 | D:6      | Found a broken altar of Ashenzari.
  5951 | D:6      | Found an ancient bone altar of Kikubaaqudgha.
  5951 | D:6      | Found a burning altar of Makhleb.
  5951 | D:6      | Found an ornate altar of the Wu Jian Council.
  5992 | D:6      | Found a shadowy altar of Dithmenos.
  6380 | D:7      | Found a basalt altar of Yredelemnul.
  6793 | D:8      | Noticed Psyche
  6796 | D:8      | Reached **** piety under Hepliaklqana
  6799 | D:8      | Killed Psyche
  6800 | D:8      | Reached skill level 11 in Axes
  6813 | D:8      | Found a snail-covered altar of Cheibriados.
  6951 | D:8      | Reached skill level 10 in Armour
  6968 | D:8      | Found a sand-covered staircase.
  6976 | Ossuary  | Entered an ossuary
  7158 | Ossuary  | Noticed a silent spectre
  7505 | D:8      | Found a stormy altar of Qazlal.
  7508 | D:8      | Found a blossoming altar of Fedhas.
  7996 | D:9      | Reached XP level 10. HP: 73/77 MP: 9/9
  8040 | D:9      | Noticed a two-headed ogre
  8045 | D:9      | Killed a two-headed ogre
  8046 | D:9      | Reached skill level 1 in Invocations
  8206 | D:9      | Reached skill level 12 in Axes
  8407 | D:9      | Found a staircase to the Lair.
  8938 | Lair:1   | Entered Level 1 of the Lair of Beasts
  8952 | Lair:1   | Noticed a cane toad
  8958 | Lair:1   | Killed a cane toad
  9233 | Lair:1   | Reached XP level 11. HP: 61/87 MP: 12/12
  9369 | Lair:1   | Reached ***** piety under Hepliaklqana
  9584 | Lair:1   | Noticed a boulder beetle
  9602 | Lair:1   | Killed a boulder beetle
 10108 | Lair:1   | Upgraded the game from 0.30-a0-250-g41c1d76940 to
                  | 0.30-a0-263-ge22c4ad894
 10122 | Lair:1   | Reached skill level 10 in Fighting
 10415 | Lair:2   | Reached skill level 13 in Axes
 10971 | Lair:2   | Reached skill level 5 in Invocations
 11416 | Lair:2   | Reached skill level 5 in Shields
 11595 | Lair:2   | Reached XP level 12. HP: 87/97 MP: 14/14
 12058 | Lair:3   | Noticed Amaemon
 12069 | Lair:3   | Killed Amaemon
 12070 | Lair:3   | Reached skill level 14 in Axes
 12273 | Lair:3   | Reached skill level 5 in Dodging
 12654 | Lair:3   | Found a staircase to the Snake Pit.
 12985 | Lair:3   | Noticed a five-headed hydra
 13041 | Lair:3   | Killed a seven-headed hydra
 13185 | Lair:3   | Noticed an eight-headed hydra
 13754 | Lair:3   | Found a staircase to the Swamp.
 13758 | Lair:3   | Killed a 15-headed hydra
 14099 | D:10     | Entered Level 10 of the Dungeon
 14115 | D:10     | Noticed Harold
 14125 | D:10     | Killed Harold
 14148 | D:10     | Reached skill level 15 in Axes
 14212 | D:10     | Noticed Joseph
 14221 | D:10     | Killed Joseph
 14286 | D:10     | Noticed Snorg
 14294 | D:10     | Killed Snorg
 14683 | D:10     | Noticed Maurice
 14688 | D:10     | Killed Maurice
 15062 | D:10     | Reached XP level 13. HP: 96/104 MP: 16/16
 15701 | D:11     | Identified the amulet of Fofam {Reflect rF+ Int+2 SH+5}
 17183 | D:12     | Reached skill level 16 in Axes
 17222 | D:12     | Found a staircase to the Orcish Mines.
 17279 | D:12     | Reached skill level 15 in Armour
 17760 | Orc:1    | Entered Level 1 of the Orcish Mines
 18139 | Orc:2    | Entered Level 2 of the Orcish Mines
 18139 | Orc:2    | Noticed Jorgrun
 18158 | Orc:2    | HP: 5/107 [orc knight/+3 dire flail (4)]
 18159 | Orc:2    | Slain by Jorgrun

Illustrated notes

Levels and vault maps discovered:
D:1:      onia_arrival_mini_maze_b, layout_basic, serial_shops,
          nicolae_shop_behind_doors, hangedman_decor_clover_reticule,
          kennysheep_nondescript, st_stairs_5
D:2:      layout_loops_cross
D:3:      layout_loops_ring, st_stairs_3, serial_bayou_crossing, uniq_grinder
D:4:      layout_gridville, mainiacjoe_overflow_brackets, temple_green,
          serial_shops, nicolae_inconvenience_store, st_stairs_13
D:5:      layout_basic, serial_shops, shop_fountains
D:6:      layout_basic, mainiacjoe_overflow_alcove_4, nicolae_overflows_in_rows
D:7:      layout_cave_pods, yredelemnul_altar_generic,
          nemelex_spade_bored_becter
D:8:      layout_layer_cave, grunt_temple_overflow_forces_of_nature,
          slow_altar_1, lightli_ossuary_entry_decrepit_ruins, uniq_psyche
D:9:      layout_long_grid, grunt_lair_entry_orc_guard_hut, st_stairs_9,
          hangedman_incinerator
D:10:     layout_basic, uniq_maurice, uniq_joseph, uniq_snorg, uniq_harold
D:11:     layout_basic, portal_ice_cave_demonic_guard, serial_co_window_serial,
          co_window_paths_b, co_window_paths_b, co_window_paths_b,
          co_window_corner_a, co_window_corner_a, co_window_of_opportunity_c,
          co_window_cross_2, co_window_corner_b, co_window_of_opportunity_c,
          co_window_of_opportunity_b, co_window_corner_b, glass_columns_a,
          minmay_misc_feat_rugged
D:12:     layout_roguey, david_orc_2
Temple:   hellmonk_temple_beads
Lair:1:   layout_loops_ring, nicolae_lair_liquid_snakes
Lair:2:   layout_cave_pods
Lair:3:   layout_hall_layers, palyth_hydra_swamp_entry,
          minmay_snake_entry_guardpost_medium, grunt_megastairs_2, uniq_amaemon
Orc:1:    layout_caves, serial_shops
Orc:2:    st_orc_town, layout_caves, uniq_jorgrun, uniq_erolcha

Skill      XL: |  1  2  3  4  5  6  7  8  9 10 11 12 13 |
---------------+----------------------------------------+-----
Axes           | 4 5 7 8 9 10 11 12 13 15 16 | 16.3
Fighting       | 4 5 6 7 9 10 11 12 | 12.6
Armour         | 1 2 3 4 7 10 11 13 14 15 | 15.3
Shields        | 1 3 4 5 6 7 |  7.7
Dodging        | 4 5 |  5.7
Stealth        | 2 3 |  3.0
Invocations    | 3 5 6 |  6.4
Throwing       | |  0.8

Action                   |  1- 3 |  4- 6 |  7- 9 | 10-12 | 13-15 || total
-------------------------+-------+-------+-------+-------+-------++-------
Melee: Hand axe          |    74 |   107 |       |       |       ||   181
       Headbutt          |    15 |    16 |    28 |   100 |    28 ||   187
       Punch             |     3 |       |       |       |       ||     3
       War axe           |       |    10 |   139 |   359 |   129 ||   637
Throw: Stone             |       |       |       |     5 |       ||     5
Invok: Recall Ancestor   |       |     1 |       |       |       ||     1
       Ancestor Life: Ba |       |     1 |       |       |       ||     1
       Ancestor Identity |       |       |       |     1 |       ||     1
       Idealise          |       |       |       |     2 |       ||     2
  Use: Potion            |       |     1 |     2 |     8 |     4 ||    15
       Scroll            |       |       |       |    28 |     5 ||    33
 Stab: Distracted        |       |       |     4 |     8 |     1 ||    13
Armor: Robe              |     5 |       |       |       |       ||     5
       Chain mail        |    29 |    70 |    88 |   252 |    65 ||   504
Dodge: Dodged            |    23 |    46 |   105 |   245 |    43 ||   462
Block: Buckler           |       |     2 |    37 |    95 |    68 ||   202
       Reflection        |       |       |       |       |    13 ||    13

Table legend: (Time is in decaauts)
 A = Elapsed time spent in this place.
 B = Non-inter-level travel time spent in this place.
 C = Inter-level travel time spent in this place.
 D = Time resting spent in this place.
 E = Time spent auto-exploring this place.
 F = Levels seen in this place.
 G = Mean time per level.
                   A        B        C        D        E       F      G
               +--------+--------+--------+--------+--------+-----+--------+
         Total |  18087 |  15799 |   2288 |   3974 |     60 |  19 |  951.9 |
       Dungeon |  12272 |  10222 |   2050 |   1614 |      0 |  12 | 1022.7 |
        Temple |    114 |    114 |      0 |      0 |      0 |   1 |  114.0 |
          Lair |   5076 |   4838 |    238 |   2159 |     60 |   3 | 1692.0 |
  Orcish Mines |    390 |    390 |      0 |    148 |      0 |   2 |  195.0 |
       Ossuary |    233 |    233 |      0 |     53 |      0 |   1 |  233.0 |
               +--------+--------+--------+--------+--------+-----+--------+

Top non-repeatable levels by time:
  Lair:3: 2130 daAuts
    D:11: 1648 daAuts
  Lair:1: 1484 daAuts
  Lair:2: 1461 daAuts
    D:10: 1317 daAuts
     D:5: 1236 daAuts
     D:3: 1118 daAuts
     D:9: 1078 daAuts
     D:1: 928 daAuts
     D:8: 909 daAuts
     D:6: 883 daAuts
     D:7: 838 daAuts
     D:2: 831 daAuts
     D:4: 823 daAuts
    D:12: 657 daAuts
